IL
NASHVILLE SOUNDS @ NORFOLK TIDES
08/07/2047
 
TOP OF THE 1ST
Nashville Sounds batting - Pitching for Norfolk Tides : RHP John Piccola
Pitching: RHP John Piccola
Batting: RHB Jeff Garofalo 0-0: Called Strike
0-1: Ball
1-1: Ball
2-1: Called Strike
2-2: Ball
3-2: Base on Balls
Batting: RHB Robby Godwin 0-0: Called Strike
0-1: Called Strike
0-2: Ball
1-2: Hit by Pitch
Jeff Garofalo to second
Batting: LHB Andy Schumacher 0-0: Called Strike
0-1: Ball
1-1: Ball
2-1: Swinging Strike
2-2: Ball
Wild Pitch!
Jeff Garofalo to third
Robby Godwin to second
3-2: Base on Balls
Batting: SHB D.J. Codd 0-0: Ball
1-0: Ball
2-0: Ball
Wild Pitch!
Jeff Garofalo scores
Robby Godwin to third
Andy Schumacher to second
3-0: Called Strike
3-1: Foul Ball, location: 2F
3-2: Foul Ball, location: 2F
3-2: Strikes out swinging
Batting: RHB Jorge Bernal 0-0: Called Strike
0-1: Foul Ball, location: 2F
0-2: Ball
1-2: SINGLE (Line Drive, 78M, EV 100.6 MPH)
Robby Godwin scores
Andy Schumacher to third
Batting: RHB Dave Glenn 0-0: Ball
Jorge Bernal is caught stealing 2nd base 2-4
1-0: Called Strike
1-1: Foul Ball, location: 2F
1-2: Strikes out looking
Top of the 1st over - 2 runs, 1 hit, 0 errors, 1 left on base; Nashville 2 - Norfolk 0
BOTTOM OF THE 1ST
Norfolk Tides batting - Pitching for Nashville Sounds : RHP Jesus Gonzales
Pitching: RHP Jesus Gonzales
Batting: RHB Bobby Melillo 0-0: Ground out 6-3 (Groundball, 6, EV 82.5 MPH)
Batting: LHB Brian Feher 0-0: Ball
1-0: Foul Ball, location: 2F
1-1: Swinging Strike
1-2: Ball
2-2: Strikes out swinging
Batting: RHB Bobby Scholl 0-0: Swinging Strike
0-1: Ball
1-1: Ball
2-1: Ball
3-1: Base on Balls
Batting: RHB Mario Saez 0-0: Called Strike
Bobby Scholl steals 2nd base
0-1: Ball
1-1: Ball
2-1: Called Strike
2-2: Foul Ball, location: 2F
2-2: 2-RUN HOME RUN (Flyball, 9D, EV 95.6 MPH), Distance : 372 ft
Batting: LHB Tyler Allen 0-0: Ball
1-0: Called Strike
1-1: Swinging Strike
1-2: Foul Ball, location: 2F
1-2: Ball
2-2: Ball
3-2: Fly out, F8 (Flyball, 78M, EV 89.4 MPH)
Bottom of the 1st over - 2 runs, 1 hit, 0 errors, 0 left on base; Nashville 2 - Norfolk 2
TOP OF THE 2ND
Nashville Sounds batting - Pitching for Norfolk Tides : RHP John Piccola
Batting: RHB Eduardo Chavez 0-0: Called Strike
0-1: Ball
1-1: Ball
2-1: Foul Ball, location: 2F
2-2: Ball
3-2: Base on Balls
Batting: RHB Paul Wood 0-0: Called Strike
0-1: Swinging Strike
0-2: Strikes out swinging
Batting: RHB Shinji Aizawa 0-0: Swinging Strike
0-1: Ball
1-1: Foul Ball, location: 2F
1-2: Ball
2-2: Ball
3-2: Fly out, F8 (Line Drive, 8RM, EV 96.2 MPH)
Batting: RHB Jeff Garofalo 0-0: Called Strike
Eduardo Chavez steals 2nd, throwing error, E2
Eduardo Chavez to third
0-1: Foul Ball, location: 2F
0-2: Foul Ball, location: 2F
0-2: Ball
1-2: Fly out, F7 (Line Drive, 7, EV 99.4 MPH)
Top of the 2nd over - 0 runs, 0 hits, 1 error, 1 left on base; Nashville 2 - Norfolk 2
BOTTOM OF THE 2ND
Norfolk Tides batting - Pitching for Nashville Sounds : RHP Jesus Gonzales
Batting: LHB Pat Shaddock 0-0: Called Strike
0-1: Foul Ball, location: 2F
0-2: Ball
1-2: Ground out 5-3 (Groundball, 56, EV 103.8 MPH)
Batting: RHB Andy Chess 0-0: Ball
1-0: Called Strike
1-1: Foul Ball, location: 2F
1-2: Ball
2-2: Ball
3-2: SINGLE (Groundball, 6MD, EV 98.1 MPH)
Batting: RHB Logan Savarese 0-0: Called Strike
0-1: Swinging Strike
0-2: Strikes out swinging
Batting: LHB James Betron 0-0: Ball
1-0: Ball
2-0: Called Strike
2-1: Ground out 4-3 (Groundball, 34, EV 103.1 MPH)
Bottom of the 2nd over - 0 runs, 1 hit, 0 errors, 1 left on base; Nashville 2 - Norfolk 2
TOP OF THE 3RD
Nashville Sounds batting - Pitching for Norfolk Tides : RHP John Piccola
Batting: RHB Robby Godwin 0-0: Swinging Strike
0-1: Foul Ball, location: 2F
0-2: Ball
1-2: Fly out, F8 (Line Drive, 8RM, EV 90.0 MPH)
Batting: LHB Andy Schumacher 0-0: Foul Ball, location: 2F
0-1: Called Strike
0-2: Ball
1-2: Strikes out swinging
Batting: SHB D.J. Codd 0-0: Ball
1-0: Ground out 2-3 (Groundball, 2L, EV 72.5 MPH)
Top of the 3rd over - 0 runs, 0 hits, 0 errors, 0 left on base; Nashville 2 - Norfolk 2
BOTTOM OF THE 3RD
Norfolk Tides batting - Pitching for Nashville Sounds : RHP Jesus Gonzales
Batting: RHB Bobby Melillo 0-0: Ball
1-0: Foul Ball, location: 2F
1-1: Ground out 6-3 (Groundball, 6, EV 78.1 MPH)
Batting: LHB Brian Feher 0-0: Ball
1-0: Ball
2-0: SINGLE (Groundball, 4MD, EV 106.2 MPH)
Batting: RHB Bobby Scholl 0-0: Called Strike
0-1: Foul Ball, location: 2F
0-2: Fly out, F8 (Flyball, 8RXD, EV 106.2 MPH)
Batting: RHB Mario Saez 0-0: Ball
1-0: Swinging Strike
1-1: Foul Ball, location: 2F
1-2: DOUBLE (Line Drive, 5D, EV 99.4 MPH)
Brian Feher to third
Runner from 3rd tries for Home, SAFE, throw by LF to trailing runner, OUT at third! 7-3-5
Bottom of the 3rd over - 1 run, 2 hits, 0 errors, 0 left on base; Nashville 2 - Norfolk 3
TOP OF THE 4TH
Nashville Sounds batting - Pitching for Norfolk Tides : RHP John Piccola
Batting: RHB Jorge Bernal 0-0: Fly out, F7 (Flyball, 7D, EV 101.9 MPH)
Batting: RHB Dave Glenn 0-0: Ball
1-0: Called Strike
1-1: Called Strike
1-2: Fly out, F6 (Line Drive, 6M, EV 69.4 MPH)
Batting: RHB Eduardo Chavez 0-0: Swinging Strike
0-1: Swinging Strike
0-2: Ball
1-2: Ground out 6-3 (Groundball, 56, EV 103.1 MPH)
Top of the 4th over - 0 runs, 0 hits, 0 errors, 0 left on base; Nashville 2 - Norfolk 3
BOTTOM OF THE 4TH
Norfolk Tides batting - Pitching for Nashville Sounds : RHP Jesus Gonzales
Batting: LHB Tyler Allen 0-0: Ball
1-0: Ball
2-0: Called Strike
2-1: Ball
3-1: Called Strike
3-2: Foul Ball, location: 2F
3-2: Base on Balls
Batting: LHB Pat Shaddock 0-0: Fielders Choice at 2nd, 5-4 (Groundball, 56, EV 81.2 MPH)
Batting: RHB Andy Chess 0-0: Called Strike
0-1: Ball
1-1: Ball
2-1: Ball
3-1: Fielders Choice at 2nd, 6-4 (Groundball, 6, EV 84.4 MPH)
Batting: RHB Logan Savarese 0-0: Foul Ball, location: 2F
0-1: Ball
1-1: Foul Ball, location: 2F
1-2: Fly out, F4 (Line Drive, 4, EV 68.8 MPH)
Bottom of the 4th over - 0 runs, 0 hits, 0 errors, 1 left on base; Nashville 2 - Norfolk 3
TOP OF THE 5TH
Nashville Sounds batting - Pitching for Norfolk Tides : RHP John Piccola
Batting: RHB Paul Wood 0-0: Foul Ball, location: 2F
0-1: Ball
1-1: Swinging Strike
1-2: Ground out 3-1 (Groundball, 34, EV 88.1 MPH)
Batting: RHB Shinji Aizawa 0-0: Called Strike
0-1: Ball
1-1: Swinging Strike
1-2: Strikes out swinging
Batting: RHB Jeff Garofalo 0-0: Foul Ball, location: 2F
0-1: Swinging Strike
0-2: Strikes out swinging
Top of the 5th over - 0 runs, 0 hits, 0 errors, 0 left on base; Nashville 2 - Norfolk 3
BOTTOM OF THE 5TH
Norfolk Tides batting - Pitching for Nashville Sounds : RHP Jesus Gonzales
Batting: LHB James Betron 0-0: Called Strike
0-1: Ground out 3-1 (Groundball, 34S, EV 81.2 MPH)
Batting: RHB Bobby Melillo 0-0: Called Strike
0-1: Foul Ball, location: 2F
0-2: Ground out U3 (Groundball, 3, EV 84.4 MPH)
Batting: LHB Brian Feher 0-0: Called Strike
0-1: Swinging Strike
0-2: Ball
1-2: Strikes out looking
Bottom of the 5th over - 0 runs, 0 hits, 0 errors, 0 left on base; Nashville 2 - Norfolk 3
TOP OF THE 6TH
Nashville Sounds batting - Pitching for Norfolk Tides : RHP John Piccola
Batting: RHB Robby Godwin 0-0: Called Strike
0-1: Single, Error in OF, E8, batter to second base (Groundball, 6MD, EV 103.1 MPH)
Batting: LHB Andy Schumacher 0-0: Ball
1-0: Fly out, F7 (Line Drive, 7LS, EV 101.9 MPH)
Batting: SHB D.J. Codd 0-0: Ball
Robby Godwin steals 3rd base
1-0: Ball
2-0: Ball
3-0: Base on Balls
Batting: RHB Jorge Bernal 0-0: Grounds into double play, 4-6-3 (Groundball, 4, EV 86.9 MPH)
Top of the 6th over - 0 runs, 1 hit, 1 error, 1 left on base; Nashville 2 - Norfolk 3
BOTTOM OF THE 6TH
Norfolk Tides batting - Pitching for Nashville Sounds : RHP Jesus Gonzales
Batting: RHB Bobby Scholl 0-0: Ball
1-0: Ball
2-0: Ball
3-0: Called Strike
3-1: Base on Balls
Batting: RHB Mario Saez 0-0: Ball
Bobby Scholl steals 2nd base
1-0: Called Strike
1-1: Ball
2-1: Foul Ball, location: 2F
2-2: Foul Ball, location: 2F
2-2: Ball
3-2: Strikes out swinging
Batting: LHB Tyler Allen 0-0: Ball
Wild Pitch!
Bobby Scholl to third
1-0: Ground out 6-3 (Groundball, 6, EV 103.1 MPH)
Batting: LHB Pat Shaddock 0-0: Foul Ball, location: 2F
0-1: Ball
1-1: DOUBLE (Line Drive, 78XD, EV 100.6 MPH)
Bobby Scholl scores
Batting: RHB Andy Chess 0-0: Intentional Walk
Batting: RHB Logan Savarese 0-0: Called Strike
0-1: Fielders Choice at 2nd, 5-4 (Groundball, 56, EV 85.6 MPH)
Bottom of the 6th over - 1 run, 1 hit, 0 errors, 2 left on base; Nashville 2 - Norfolk 4
TOP OF THE 7TH
Nashville Sounds batting - Pitching for Norfolk Tides : RHP John Piccola
Batting: RHB Dave Glenn 0-0: Ball
1-0: Ball
2-0: Ball
3-0: Called Strike
3-1: SINGLE (Groundball, 56D, EV 108.8 MPH)
Pitching: RHP Mike LaMonica
Batting: RHB Eduardo Chavez 0-0: Swinging Strike
0-1: Ball
1-1: Fielders Choice at 2nd, 6-4 (Groundball, 6, EV 85.0 MPH)
Pinch Hitting: LHB Chance Stever 0-0: Ball
1-0: Called Strike
1-1: Ball
2-1: Grounds into double play, 4-6-3 (Groundball, 4, EV 86.2 MPH)
Top of the 7th over - 0 runs, 1 hit, 0 errors, 0 left on base; Nashville 2 - Norfolk 4
BOTTOM OF THE 7TH
Norfolk Tides batting - Pitching for Nashville Sounds : RHP Jesus Gonzales
Now in CF: Robby Godwin
Now in RF: Chance Stever
Batting: LHB James Betron 0-0: Ball
1-0: Called Strike
1-1: Ground out 4-3 (Groundball, 4S, EV 88.8 MPH)
Pitching: RHP Hisatada Sekiguchi
Batting: RHB Bobby Melillo 0-0: Ball
1-0: Ground out 3-1 (Groundball, 34, EV 91.9 MPH)
Batting: LHB Brian Feher 0-0: Swinging Strike
0-1: Ball
1-1: Called Strike
1-2: Ground out 4-3 (Groundball, 4, EV 101.9 MPH)
Bottom of the 7th over - 0 runs, 0 hits, 0 errors, 0 left on base; Nashville 2 - Norfolk 4
TOP OF THE 8TH
Nashville Sounds batting - Pitching for Norfolk Tides : RHP Mike LaMonica
Batting: RHB Shinji Aizawa 0-0: Ball
1-0: Ball
2-0: Ground out 4-3 (Groundball, 4, EV 107.5 MPH)
Batting: RHB Jeff Garofalo 0-0: Ball
1-0: Foul Ball, location: 2F
1-1: Foul Ball, location: 2F
1-2: Foul Ball, location: 2F
1-2: Ground out 5-3 (Groundball, 56S, EV 78.1 MPH)
Batting: RHB Robby Godwin 0-0: Ball
1-0: Called Strike
1-1: Called Strike
1-2: SOLO HOME RUN (Flyball, 7LD, EV 95.6 MPH), Distance : 368 ft
Batting: LHB Andy Schumacher 0-0: Called Strike
0-1: Fly out, F5 (Popup, 5F, EV 66.9 MPH)
Top of the 8th over - 1 run, 1 hit, 0 errors, 0 left on base; Nashville 3 - Norfolk 4
BOTTOM OF THE 8TH
Norfolk Tides batting - Pitching for Nashville Sounds : RHP Hisatada Sekiguchi
Batting: RHB Bobby Scholl 0-0: Foul Ball, location: 2F
0-1: SINGLE (Groundball, 5D, EV 111.2 MPH)
Batting: RHB Mario Saez 0-0: Called Strike
0-1: Ball
1-1: Ball
2-1: Foul Ball, location: 2F
2-2: Ball
3-2: Foul Ball, location: 2F
3-2: 2-RUN HOME RUN (Line Drive, 78XD, EV 98.1 MPH), Distance : 405 ft
Batting: LHB Tyler Allen 0-0: Foul Ball, location: 2F
0-1: Foul Ball, location: 2F
0-2: Ball
1-2: Foul Ball, location: 2F
1-2: Strikes out swinging
Batting: LHB Pat Shaddock 0-0: Ball
1-0: Called Strike
1-1: Ball
2-1: Called Strike
2-2: Foul Ball, location: 2F
2-2: Ball
3-2: Foul Ball, location: 2F
3-2: Foul Ball, location: 2F
3-2: DOUBLE (Flyball, 78D, EV 112.5 MPH)
Batting: RHB Andy Chess 0-0: Intentional Walk
Batting: RHB Logan Savarese 0-0: Ball
1-0: Swinging Strike
1-1: Fly out, F4 (Popup, 34S, EV 84.4 MPH)
Batting: LHB James Betron 0-0: Called Strike
0-1: Swinging Strike
0-2: Strikes out swinging
Bottom of the 8th over - 2 runs, 3 hits, 0 errors, 2 left on base; Nashville 3 - Norfolk 6
TOP OF THE 9TH
Nashville Sounds batting - Pitching for Norfolk Tides : RHP Mike LaMonica
Pitching: RHP Aaron Schneider
Batting: SHB D.J. Codd 0-0: Ball
1-0: Ball
2-0: Called Strike
2-1: Ball
3-1: Foul Ball, location: 2F
3-2: Foul Ball, location: 2F
3-2: Base on Balls
Batting: RHB Jorge Bernal 0-0: Ball
1-0: Ball
2-0: Ball
3-0: Called Strike
3-1: Called Strike
3-2: Base on Balls
D.J. Codd to second
Batting: RHB Dave Glenn 0-0: Swinging Strike
0-1: Ball
1-1: Fly out, F8 (Flyball, 8RD, EV 92.5 MPH)
Pinch Hitting: LHB Zachary DeLuca 0-0: Ball
1-0: Foul Ball, location: 2F
1-1: Ball
2-1: Foul Ball, location: 2F
2-2: Strikes out swinging
Batting: LHB Chance Stever 0-0: 3-RUN HOME RUN (Flyball, 9LD, EV 96.9 MPH), Distance : 364 ft
Batting: RHB Shinji Aizawa 0-0: Called Strike
0-1: Called Strike
0-2: Ball
1-2: Ball
2-2: Strikes out swinging
Top of the 9th over - 3 runs, 1 hit, 0 errors, 0 left on base; Nashville 6 - Norfolk 6
BOTTOM OF THE 9TH
Norfolk Tides batting - Pitching for Nashville Sounds : RHP Hisatada Sekiguchi
Pitching: RHP Andrew Douglas
Now at SS: Matt Berkley
Pinch Hitting: LHB Bob Melley 0-0: Ball
1-0: Ground out 4-3 (Groundball, 4, EV 78.1 MPH)
Batting: LHB Brian Feher 0-0: Foul Ball, location: 2F
0-1: Swinging Strike
0-2: Strikes out swinging
Batting: RHB Bobby Scholl 0-0: SINGLE (Groundball, 34D, EV 98.1 MPH)
Batting: RHB Mario Saez 0-0: Ball
1-0: Foul Ball, location: 2F
1-1: Swinging Strike
1-2: Ball
2-2: Ball
3-2: Base on Balls
Bobby Scholl to second
Batting: LHB Tyler Allen 0-0: Swinging Strike
0-1: Foul Ball, location: 2F
0-2: Ground out U3 (Groundball, 34, EV 86.9 MPH)
Bottom of the 9th over - 0 runs, 1 hit, 0 errors, 2 left on base; Nashville 6 - Norfolk 6
TOP OF THE 10TH
Nashville Sounds batting - Pitching for Norfolk Tides : RHP Aaron Schneider
Pitching: LHP Eric Bice
Now at 3B: Jose Fierro
Batting: RHB Jeff Garofalo 0-0: Ball
1-0: Called Strike
1-1: Foul Ball, location: 2F
1-2: Foul Ball, location: 2F
1-2: Strikes out swinging
Batting: RHB Robby Godwin 0-0: Fly out, F9 (Flyball, 9, EV 93.1 MPH)
Batting: LHB Andy Schumacher 0-0: Ball
1-0: Ball
2-0: Called Strike
2-1: Ball
3-1: Swinging Strike
3-2: Base on Balls
Batting: SHB D.J. Codd 0-0: Called Strike
0-1: Ball
1-1: Ball
2-1: Fly out, F8 (Flyball, 8LD, EV 102.5 MPH)
Top of the 10th over - 0 runs, 0 hits, 0 errors, 1 left on base; Nashville 6 - Norfolk 6
BOTTOM OF THE 10TH
Norfolk Tides batting - Pitching for Nashville Sounds : RHP Andrew Douglas
Pitching: RHP Charlie Shook
Batting: LHB Pat Shaddock 0-0: Ball
1-0: Swinging Strike
1-1: Ball
2-1: Ball
3-1: Base on Balls
Pinch Hitting: LHB Wes Goscinski 0-0: SINGLE (Line Drive, 34D, EV 103.1 MPH)
Pat Shaddock to second
Batting: RHB Logan Savarese 0-0: Bunted foul
0-1: Bunted foul
0-2: Fielders Choice at 2nd, 1-4 (Groundball, 15S, EV 69.4 MPH)
Pat Shaddock to third
Batting: LHB James Betron 0-0: Fielders Choice at home, 4-2 (Groundball, 34, EV 100.6 MPH)
Logan Savarese to second
Batting: LHB Jose Fierro 0-0: Foul Ball, location: 2F
0-1: Ball
1-1: Foul Ball, location: 2F
1-2: Foul Ball, location: 2F
1-2: Foul Ball, location: 2F
1-2: Foul Ball, location: 2F
1-2: Ball
2-2: Foul Ball, location: 2F
2-2: Fielders Choice at 2nd, 6-4 (Groundball, 6, EV 86.9 MPH)
Bottom of the 10th over - 0 runs, 1 hit, 0 errors, 2 left on base; Nashville 6 - Norfolk 6
TOP OF THE 11TH
Nashville Sounds batting - Pitching for Norfolk Tides : LHP Eric Bice
Now at 2B: Jose Fierro
Now at 3B: Ryan Taylor
Batting: RHB Jorge Bernal 0-0: Called Strike
0-1: Swinging Strike
0-2: Ball
1-2: Foul Ball, location: 2F
1-2: Ball
2-2: Foul Ball, location: 2F
2-2: Strikes out swinging
Batting: RHB Dave Glenn 0-0: Ball
1-0: Called Strike
1-1: Foul Ball, location: 2F
1-2: Foul Ball, location: 2F
1-2: Ball
2-2: Strikes out looking
Batting: RHB Matt Berkley 0-0: Ball
1-0: Foul Ball, location: 2F
1-1: Foul Ball, location: 2F
1-2: Foul Ball, location: 2F
1-2: Strikes out swinging
Top of the 11th over - 0 runs, 0 hits, 0 errors, 0 left on base; Nashville 6 - Norfolk 6
BOTTOM OF THE 11TH
Norfolk Tides batting - Pitching for Nashville Sounds : RHP Charlie Shook
Batting: LHB Brian Feher 0-0: Called Strike
0-1: Foul Ball, location: 2F
0-2: Strikes out swinging
Batting: RHB Bobby Scholl 0-0: Ball
1-0: Swinging Strike
1-1: Foul Ball, location: 2F
1-2: Strikes out swinging
Batting: RHB Mario Saez 0-0: Ground out 6-3 (Groundball, 6, EV 111.2 MPH)
Bottom of the 11th over - 0 runs, 0 hits, 0 errors, 0 left on base; Nashville 6 - Norfolk 6
TOP OF THE 12TH
Nashville Sounds batting - Pitching for Norfolk Tides : LHP Eric Bice
Batting: LHB Chance Stever 0-0: Called Strike
0-1: Foul Ball, location: 2F
0-2: Strikes out swinging
Batting: RHB Shinji Aizawa 0-0: Ball
1-0: Swinging Strike
1-1: Called Strike
1-2: Ball
2-2: Ball
3-2: Foul Ball, location: 2F
3-2: Fly out, F8 (Flyball, 8LM, EV 80.0 MPH)
Batting: RHB Jeff Garofalo 0-0: Foul Ball, location: 2F
0-1: Ball
1-1: Foul Ball, location: 2F
1-2: Foul Ball, location: 2F
1-2: Foul Ball, location: 2F
1-2: Ball
2-2: Ball
3-2: Foul Ball, location: 2F
3-2: Ground out 6-3 (Groundball, 6, EV 82.5 MPH)
Top of the 12th over - 0 runs, 0 hits, 0 errors, 0 left on base; Nashville 6 - Norfolk 6
BOTTOM OF THE 12TH
Norfolk Tides batting - Pitching for Nashville Sounds : RHP Charlie Shook
Batting: LHB Tyler Allen 0-0: Swinging Strike
0-1: Swinging Strike
0-2: Ball
1-2: Ground out 6-3 (Groundball, 6MS, EV 70.6 MPH)
Batting: LHB Pat Shaddock 0-0: Ball
1-0: Called Strike
1-1: Called Strike
1-2: Strikes out swinging
Pinch Hitting: LHB Andrew Erens 0-0: Called Strike
0-1: Ground out 4-3 (Groundball, 4, EV 81.2 MPH)
Bottom of the 12th over - 0 runs, 0 hits, 0 errors, 0 left on base; Nashville 6 - Norfolk 6
TOP OF THE 13TH
Nashville Sounds batting - Pitching for Norfolk Tides : LHP Eric Bice
Pitching: RHP Travis Small
Now at 3B: Jon Zimmerman
Batting: RHB Robby Godwin 0-0: Called Strike
0-1: Foul Ball, location: 2F
0-2: Ground out 3-1 (Groundball, 34, EV 86.2 MPH)
Batting: LHB Andy Schumacher 0-0: Ball
1-0: Ball
2-0: Ball
3-0: Base on Balls
Batting: SHB D.J. Codd 0-0: Called Strike
0-1: Called Strike
0-2: Ball
1-2: Strikes out looking
Batting: RHB Jorge Bernal 0-0: Called Strike
0-1: Ball
Wild Pitch!
Andy Schumacher to second
1-1: Fly out, F7 (Flyball, 7LS, EV 81.9 MPH)
Top of the 13th over - 0 runs, 0 hits, 0 errors, 1 left on base; Nashville 6 - Norfolk 6
BOTTOM OF THE 13TH
Norfolk Tides batting - Pitching for Nashville Sounds : RHP Charlie Shook
Pitching: RHP Craig Daniel
Batting: RHB Logan Savarese 0-0: Foul Ball, location: 2F
0-1: Foul Ball, location: 2F
0-2: Strikes out swinging
Batting: LHB James Betron 0-0: Ball
1-0: Foul Ball, location: 2F
1-1: Ball
2-1: Foul Ball, location: 2F
2-2: Foul Ball, location: 2F
2-2: Ball
3-2: Strikes out swinging
Batting: LHB Jose Fierro 0-0: Called Strike
0-1: Foul Ball, location: 2F
0-2: Ball
1-2: Ground out U3 (Groundball, 3, EV 83.1 MPH)
Bottom of the 13th over - 0 runs, 0 hits, 0 errors, 0 left on base; Nashville 6 - Norfolk 6
TOP OF THE 14TH
Nashville Sounds batting - Pitching for Norfolk Tides : RHP Travis Small
Batting: RHB Dave Glenn 0-0: Foul Ball, location: 2F
0-1: Swinging Strike
0-2: Ball
1-2: Strikes out swinging
Pinch Hitting: RHB Tim Cordle 0-0: SINGLE (Line Drive, 78M, EV 91.2 MPH)
Batting: LHB Chance Stever 0-0: Called Strike
0-1: Called Strike
0-2: Ball
1-2: Strikes out swinging
Batting: RHB Shinji Aizawa 0-0: Foul Ball, location: 2F
0-1: Foul Ball, location: 2F
0-2: Ball
1-2: Foul Ball, location: 2F
1-2: Foul Ball, location: 2F
1-2: Foul Ball, location: 2F
1-2: Ball
2-2: Ball
Wild Pitch!
Tim Cordle to second
3-2: SINGLE (Line Drive, 4MD, EV 101.9 MPH)
Tim Cordle to third
Runner from 3rd tries for Home, SAFE, throw by CF to home
Pitching: LHP Angel Vidaurri
Batting: RHB Jeff Garofalo 0-0: Ball
1-0: Swinging Strike
1-1: Called Strike
1-2: Ball
2-2: Ball
3-2: Ground out 5-3 (Groundball, 5, EV 85.6 MPH)
Top of the 14th over - 1 run, 2 hits, 0 errors, 1 left on base; Nashville 7 - Norfolk 6
BOTTOM OF THE 14TH
Norfolk Tides batting - Pitching for Nashville Sounds : RHP Craig Daniel
Now at SS: Tim Cordle
Batting: LHB Brian Feher 0-0: Called Strike
0-1: Swinging Strike
0-2: Strikes out looking
Batting: RHB Bobby Scholl 0-0: Foul Ball, location: 2F
0-1: Swinging Strike
0-2: Ball
1-2: Fly out, F8 (Flyball, 8LD, EV 101.9 MPH)
Batting: RHB Mario Saez 0-0: Ball
1-0: Called Strike
1-1: Foul Ball, location: 2F
1-2: Ball
2-2: Ground out 6-3 (Groundball, 6, EV 85.6 MPH)
Bottom of the 14th over - 0 runs, 0 hits, 0 errors, 0 left on base; Nashville 7 - Norfolk 6
Thursday, December 15th , 2022 - OOTP Baseball 23.9 Build 102